 Dungeon Crawl Stone Soup version 0.29-a0-323-g050149af67 (webtiles) character file.

Game seed: 10645399354187251720

4374 GordonOverkill the Markself (level 10, -6/58 HPs)
             Began as a Deep Elf Hunter on Apr 12, 2022.
             Was an Initiate of Ashenzari.
             Mangled by a seven-headed hydra (12 damage)
             ... on level 7 of the Dungeon.
             The game lasted 00:19:08 (9920 turns).

GordonOverkill the Markself (Deep Elf Hunter)       Turns: 9920, Time: 00:19:08

Health: -6/58      AC: 12    Str: 12    XL:     10   Next: 13%
Magic:  12/12      EV: 12    Int: 18    God:    Ashenzari [......]
Gold:   559        SH:  0    Dex: 18    Spells: 9/9 levels left

rFire   + . .      SeeInvis .   a - +2 shortbow
rCold   . . .      Faith    .   (shield currently unavailable)
rNeg    . . .      Spirit   .   i - +4 ring mail of the Sharing Gods {rF+ Int+3}
rPois   .          Reflect  .   (no helmet)
rElec   .          Harm     .   (no cloak)
rCorr   .          Rampage  .   t - +1 pair of gloves
Will    +....                   (no boots)
Stlth   ++........              e - amulet of regeneration
HPRegen 0.99/turn               c - +4 ring of slaying
MPRegen 0.13/turn               d - ring of flight

@: flying
A: sturdy frame 1
a: Renounce Religion, Curse Item


You were on level 7 of the Dungeon.
You worshipped Ashenzari.
Ashenzari was noncommittal.
You visited 2 branches of the dungeon, and saw 8 of its levels.
You also visited: Ossuary.

You collected 559 gold pieces.

Inventory:

Hand Weapons
 a - a +2 shortbow (weapon)
 b - a +2 dagger of venom
 w - the +3 rapier of Descent {antimagic, rPois Will++ rCorr Str-2}
   (You found it on level 2 of the Dungeon)

   It reduces the magical energy of the wielder, and disrupts the spells and
   magical abilities of those it strikes.
   Natural abilities and divine invocations are not affected.
   Str:       It affects your strength (-2).
   rPois:     It protects you from poison.
   rCorr:     It protects you from acid and corrosion.
   Will:      It greatly increases your willpower.
 E - a +4 scimitar of electrocution
Missiles
 y - a throwing net
Armour
 i - the +4 ring mail of the Sharing Gods (worn) {rF+ Int+3}
   (You found it on level 3 of the Dungeon)

   Int:       It affects your intelligence (+3).
   rF:        It protects you from fire.
 t - a +1 pair of gloves (worn)
Jewellery
 c - a +4 ring of slaying (left hand)
 d - a ring of flight (right hand)
 e - an amulet of regeneration (around neck)
Wands
 p - a wand of polymorph (6)
Scrolls
 g - a scroll of immolation
 l - 5 scrolls of teleportation
 n - 2 scrolls of fog
 x - a scroll of fear
 A - a scroll of silence
 B - a scroll of summoning
 C - a scroll of enchant weapon
 D - 2 scrolls of identify
Potions
 f - 2 potions of brilliance
 h - 4 potions of haste
 j - a potion of mutation
 k - 2 potions of heal wounds
 m - 2 potions of lignification
 o - a potion of invisibility
 q - a potion of berserk rage
 r - 3 potions of ambrosia
 s - 2 potions of curing
 u - 2 potions of flight
 v - a potion of resistance
 z - 3 potions of magic


   Skills:
 + Level 4.6 Fighting
 - Level 3.0 Short Blades
 - Level 16.0 Bows
 - Level 5.0 Armour
 - Level 2.4 Dodging
 - Level 1.2 Stealth


You had 9 spell levels left.
You didn't know any spells.
Your spell library contained the following spells:

 Spells                   Type           Power      Damage    Failure   Level
 Animate Skeleton         Necr           0%         N/A       32%         1
 Freeze                   Ice            0%         1d3       32%         1
 Pain                     Necr           0%         1d4       32%         1
 Corpse Rot               Necr/Air       0%         N/A       43%         2
 Frozen Ramparts          Ice            0%         1d2       67%         3
 Vampiric Draining        Necr           0%         2d6       67%         3
 Airstrike                Air            0%         N/A       97%         4
 Animate Armour           Summ/Erth      0%         N/A       97%         4
 Dispel Undead            Necr           0%         3d6       97%         4
 Hailstorm                Conj/Ice       0%         3d3       97%         4
 Summon Lightning Spire   Summ/Air       0%         N/A       97%         4
 Blade Hands              Tmut           0%         N/A       100%        5
 Lightning Bolt           Conj/Air       0%         1d11      100%        5
 Death Channel            Necr           0%         N/A       100%        6
 Iron Shot                Conj/Erth      0%         9d1       100%        6


Dungeon Overview and Level Annotations

Branches:
Dungeon (7/15)             Temple (1/1) D:6         Ossuary (visited)

Altars:
Ashenzari
Cheibriados
Dithmenos
Elyvilon
Fedhas
Gozag
Hepliaklqana
Kikubaaqudgha
Makhleb
Nemelex Xobeh
Okawaru
Qazlal
Ru
Uskayaw
Wu Jian
Xom
Yredelemnul
Zin
The Shining One

Shops:
D:7 =

Annotations:
D:2 Sigmund
D:7 1 runed translucent door


Innate Abilities, Weirdness & Mutations

Your movements are slightly less encumbered by armour. (ER -2)


Message History

The seven-headed hydra bites you but does no damage.
The seven-headed hydra bites you.
The seven-headed hydra barely misses you. x2
The seven-headed hydra misses you. The seven-headed hydra bites you!
You are too injured to fight recklessly!
You are too injured to fight recklessly!
You are too injured to fight recklessly!
Shoot: a) +2 shortbow
Press: ? - help, Q - select action, (/) - cycle Shift-Dir - straight line, f/p - seven-headed hydra
Aim: a seven-headed hydra (heavily wounded, 86% to hit)
You shoot an arrow. The arrow hits the seven-headed hydra.
The seven-headed hydra is severely wounded.
The seven-headed hydra bites you!
* * * LOW HITPOINT WARNING * * *
The seven-headed hydra bites you!
* * * LOW HITPOINT WARNING * * *
The seven-headed hydra bites you but does no damage.
The seven-headed hydra bites you!
* * * LOW HITPOINT WARNING * * *
The seven-headed hydra bites you but does no damage.
The seven-headed hydra bites you.
* * * LOW HITPOINT WARNING * * *
The seven-headed hydra barely misses you.
Shoot: a) +2 shortbow
Press: ? - help, Q - select action, (/) - cycle Shift-Dir - straight line, f/p - seven-headed hydra
Aim: a seven-headed hydra (heavily wounded, 86% to hit)
You shoot an arrow. The arrow hits the seven-headed hydra.
The seven-headed hydra is severely wounded.
Shoot: a) +2 shortbow
Press: ? - help, Q - select action, (/) - cycle Shift-Dir - straight line, f/p - seven-headed hydra
Aim: a seven-headed hydra (severely wounded, 86% to hit)
Okay, then.
Okay, then.
Shoot: a) +2 shortbow
Press: ? - help, Q - select action, (/) - cycle Shift-Dir - straight line, f/p - seven-headed hydra
Aim: a seven-headed hydra (severely wounded, 86% to hit)
You shoot an arrow. The arrow hits the seven-headed hydra!!
The seven-headed hydra is almost dead.
The seven-headed hydra bites you!
You die...

##
#..##########################
.####..# ##..###########
....##.# #(##.#######.##
.....#.# ##.###.'...+.###
###....## #.######...####.
##....# ##..####...####.
###..## #####.###...###..
##..# ##.....####'####..
##.## #@#########.###..# ##
####..# ##D.....###.###.[.
.####.....##
########.##.##..#.
...........#
.........##.##[)..
##...#####.#
########'##'##(#### #####
#.## ........##.##)))... #..#
###.###.##.##.###.# ##.###.#
#J###.#.###.... #..# .##
##...##.....


You could see a seven-headed hydra.

Vanquished Creatures
  An ugly thing (D:7)
  A cyclops (D:7)
  A yak (D:7)
  2 water moccasins (D:7)
  Duvessa (D:7)
  An orc warrior (D:7)
  3 sky beasts
  2 black bears
  2 ogres (D:7)
  3 centaurs (D:7)
  A phantom (D:4)
  3 kobold brigands
  3 necrophages
  3 bullfrogs
  A gnoll sergeant (D:6)
  6 scorpions
  4 wights
  Dowan (D:7)
  A killer bee (D:7)
  A howler monkey (D:7)
  2 jellies
  2 orc priests (D:7)
  2 gnoll shamans (D:7)
  6 hounds
  2 iguanas
  4 orc wizards
  8 mummies (Ossuary)
  6 adders
  5 gnolls (D:6)
  A worm (D:3)
  3 dart slugs
  7 orcs
  2 ball pythons (D:1)
  8 endoplasms
  4 giant cockroaches
  A gnoll zombie (Ossuary)
  6 goblins
  8 hobgoblins
  3 jackals (D:3)
  22 kobolds
  3 quokkas
  6 bats
  2 frilled lizards (D:1)
  2 hobgoblin zombies (Ossuary)
  4 kobold zombies (Ossuary)
  An orc zombie (Ossuary)
  7 rats
168 creatures vanquished.

Notes
Turn   | Place    | Note
-------+----------+-------------------------------------------
     0 | D:1      | GordonOverkill the Deep Elf Hunter began the quest for the
                  | Orb.
     0 | D:1      | Reached XP level 1. HP: 12/12 MP: 3/3
   106 | D:1      | Reached XP level 2. HP: 16/16 MP: 4/4
   110 | D:1      | Reached skill level 6 in Bows
   749 | D:1      | Reached XP level 3. HP: 20/20 MP: 5/5
  1075 | D:2      | Noticed Sigmund
  2367 | D:2      | Identified the +3 rapier of Descent {antimagic, rPois
                  | Will++ rCorr Str-2}
  2575 | D:2      | Reached skill level 7 in Bows
  2575 | D:2      | Reached skill level 1 in Armour
  2575 | D:2      | Reached XP level 4. HP: 21/25 MP: 6/6
  3188 | D:2      | Reached skill level 1 in Short Blades
  3233 | D:3      | Identified the +4 ring mail of the Sharing Gods {rF+ Int+3}
  3323 | D:3      | Gained mutation: Your movements are slightly less
                  | encumbered by armour. (ER -2) [potion of mutation]
  4028 | D:4      | Noticed a scorpion
  4038 | D:4      | Killed a scorpion
  4039 | D:4      | Reached XP level 5. HP: 21/29 MP: 7/7
  4097 | D:4      | Found a hazy altar of Hepliaklqana.
  4099 | D:4      | Noticed a phantom
  4112 | D:4      | Killed a phantom
  4208 | D:4      | Reached XP level 6. HP: 34/34 MP: 8/8
  4435 | D:4      | Found an ornate altar of the Wu Jian Council.
  4573 | D:5      | Entered Level 5 of the Dungeon
  4747 | D:5      | Reached skill level 8 in Bows
  4752 | D:5      | Found a blossoming altar of Fedhas.
  5051 | D:5      | Reached XP level 7. HP: 38/38 MP: 9/9
  5206 | D:6      | Found a sand-covered staircase.
  5218 | Ossuary  | Entered an ossuary
  5330 | Ossuary  | Reached skill level 9 in Bows
  5803 | D:6      | Reached skill level 10 in Bows
  5811 | D:6      | Reached XP level 8. HP: 35/43 MP: 10/10
  5922 | D:6      | Reached skill level 5 in Armour
  5933 | D:6      | Found a staircase to the Ecumenical Temple.
  6030 | Temple   | Entered the Ecumenical Temple
  6284 | Temple   | Became a worshipper of Ashenzari the Shackled
  6342 | D:6      | Reached skill level 11 in Bows
  6525 | D:6      | Found a stormy altar of Qazlal.
  6892 | D:7      | Reached skill level 12 in Bows
  6962 | D:7      | Reached skill level 13 in Bows
  7038 | D:7      | Reached XP level 9. HP: 45/47 MP: 11/11
  7041 | D:7      | Found a runed translucent door.
  7041 | D:7      | Noticed a cyclops
  7042 | D:7      | Noticed a purple ugly thing
  7043 | D:7      | Found a runed translucent door.
  7043 | D:7      | Found a runed translucent door.
  7127 | D:7      | Found an opulent altar of Gozag.
  7164 | D:7      | Found a hide-covered altar of Uskayaw.
  7235 | D:7      | Noticed Duvessa
  7238 | D:7      | Noticed Dowan
  7371 | D:7      | Reached skill level 14 in Bows
  7756 | D:7      | Killed Duvessa
  7768 | D:7      | Killed Dowan
  7815 | D:7      | Found Hylanem's Jewellery Shop.
  8733 | D:7      | Found Hylanem's Jewellery Shop.
  8931 | D:7      | Killed a purple ugly thing
  8932 | D:7      | Reached skill level 15 in Bows
  9089 | D:7      | Killed a cyclops
  9090 | D:7      | Reached skill level 16 in Bows
  9131 | D:7      | Reached XP level 10. HP: 56/56 MP: 12/12
  9157 | D:7      | Found a runed translucent door.
  9157 | D:7      | Found a runed translucent door.
  9326 | D:7      | Found an opulent altar of Gozag.
  9388 | D:7      | Found a hide-covered altar of Uskayaw.
  9678 | D:7      | Noticed a seven-headed hydra
  9920 | D:7      | Mangled by a seven-headed hydra

Illustrated notes

Levels and vault maps discovered:
D:1:      psy_arrival_radial01, layout_basic
D:2:      layout_basic, columned_hall_lemuel, grunt_ministairs_11, uniq_sigmund
D:3:      layout_basic
D:4:      layout_cave_pools, nicolae_overflow_squiral
D:5:      layout_basic, mainiacjoe_overflow_concentric_impassable
D:6:      layout_basic, kennysheep_mini, minmay_temple_entry_junction,
          enter_ossuary_2
D:7:      minmay_the_grid_triangle_9x9_rhombus_full
          [minmay_the_grid_triangle_9x9_negative_grid,
          minmay_the_grid_triangle_9x9_fully_insulated_deathbox,
          minmay_the_grid_triangle_9x9_odd_lines,
          minmay_the_grid_triangle_9x9_dagger,
          minmay_the_grid_triangle_9x9_flanged_cone,
          minmay_the_grid_triangle_9x9_warning,
          minmay_the_grid_triangle_9x9_impossible_snake,
          minmay_the_grid_triangle_9x9_prize_special], layout_layer_cave,
          nicolae_uskayaw_suspiria, mainiacjoe_overflow_tiny_flanked,
          serial_shops, nicolae_shop_stone, minmay_misc_feat_rows, uniq_duvessa
Temple:   oiseaux_autumnal_temple

Skill      XL: |  1  2  3  4  5  6  7  8  9 10 |
---------------+-------------------------------+-----
Bows           | 6 7 8 10 13 16 | 16.0
Armour         | 1 2 3 4 5 |  5.0
Short Blades   | 2 3 |  3.0
Fighting       | 3 4 |  4.6
Dodging        | |  2.4
Stealth        | |  1.2

Action                   |  1- 3 |  4- 6 |  7- 9 | 10-12 || total
-------------------------+-------+-------+-------+-------++-------
Melee: Rapier            |       |     4 |     6 |       ||    10
       Dagger            |       |     7 |    98 |     2 ||   107
       Punch             |       |       |     1 |     1 ||     2
 Fire: Shortbow          |    67 |   136 |   287 |    39 ||   529
Evoke: Wand              |       |       |     1 |       ||     1
  Use: Scroll            |     7 |     9 |     8 |       ||    24
       Potion            |       |     1 |     4 |       ||     5
Armor: Leather armour    |     2 |       |       |       ||     2
       Ring mail         |     6 |    32 |    82 |     8 ||   128
Dodge: Dodged            |    10 |    37 |   111 |    11 ||   169

Table legend: (Time is in decaauts)
 A = Elapsed time spent in this place.
 B = Non-inter-level travel time spent in this place.
 C = Inter-level travel time spent in this place.
 D = Time resting spent in this place.
 E = Time spent auto-exploring this place.
 F = Levels seen in this place.
 G = Mean time per level.
                   A        B        C        D        E       F      G
               +--------+--------+--------+--------+--------+-----+--------+
         Total |   9967 |   9489 |    478 |   2073 |   5875 |   9 | 1107.4 |
       Dungeon |   9377 |   8930 |    447 |   2013 |   5533 |   7 | 1339.6 |
        Temple |    296 |    266 |     30 |      0 |    242 |   1 |  296.0 |
       Ossuary |    293 |    293 |      0 |     59 |    100 |   1 |  293.0 |
               +--------+--------+--------+--------+--------+-----+--------+

Top non-repeatable levels by time:
     D:7: 3130 daAuts
     D:1: 2133 daAuts
     D:2: 1120 daAuts
     D:6: 1020 daAuts
     D:3: 848 daAuts
     D:5: 605 daAuts
     D:4: 516 daAuts
  Temple: 296 daAuts
 Ossuary: 293 daAuts
